 Dungeon Crawl Stone Soup version 0.17-a0-1647-gb11a595 (webtiles) character file.

25 Crag the Stinger (level 3, -1/31 HPs)
             Began as a Naga Venom Mage on Aug 12, 2015.
             Slain by Ijyb (3 damage)
             ... on level 2 of the Dungeon.
             The game lasted 00:05:48 (1716 turns).

Crag the Stinger (Naga Venom Mage)                  Turns: 1716, Time: 00:05:48

Health: -1/31      AC:  2    Str: 11    XL:     3   Next: 6%
Magic:  0/6        EV: 10    Int: 15    God:
Gold:   38         SH:  0    Dex: 11    Spells: 1 memorised, 5 levels left

rFire  . . .     SeeInvis +       - Unarmed
rCold  . . .     Clarity  .     a - +0 robe
rNeg   . . .     SustAt   .     (no shield)
rPois  +         Gourm    .     (no helmet)
rElec  .         Spirit   .     (no cloak)
rCorr  .         Warding  .     (no gloves)
rMut   .         Stasis   .     (no barding)
MR     .....                    (no amulet)
Stlth  ++........               (no ring)
                                (no ring)

@: very slow, not resistant to hostile enchantments, unstealthy
A: see invisible, deformed body, poison resistance, slowness 2, slow metabolism
1, spit poison 2, AC +1
a: Spit Poison


You were on level 2 of the Dungeon.
You were very hungry.

You visited 1 branch of the dungeon, and saw 2 of its levels.

You collected 38 gold pieces.

Inventory:

Armour
 a - a +0 robe (worn)
 h - a +0 buckler
Scrolls
 e - a scroll of magic mapping {unknown}
 g - a scroll of fear {unknown}
 i - 2 scrolls of identify {unknown}
 k - a scroll of blinking {unknown}
Potions
 d - a potion of cancellation
Books
 b - a Young Poisoner's Handbook

   Spells                             Type                      Level
   a - Sting                          Conjuration/Poison           1
   b - Cure Poison                    Poison                       2
   c - Mephitic Cloud                 Conjuration/Poison/Air       3
   d - Olgreb's Toxic Radiance        Poison                       4
   e - Venom Bolt                     Conjuration/Poison           5
Comestibles
 c - a bread ration
 j - a meat ration


   Skills:
 - Level 1.0 Fighting
 - Level 1.5 Dodging
 - Level 3.0 Stealth
 + Level 2.2 Unarmed Combat
 - Level 2.0 Spellcasting
 - Level 5.3 Poison Magic


You had 5 spell levels left.
You knew the following spells:

 Your Spells              Type           Power        Failure   Level  Hunger
a - Sting                 Conj/Pois      #...         10%         1    #......


Dungeon Overview and Level Annotations

Branches:
Dungeon (2/15)

Altars:

Annotations:
D:2 Ijyb


Innate Abilities, Weirdness & Mutations

You cannot wear boots.
Your serpentine skin is tough (AC +1).
You have supernaturally acute eyesight.
Armour fits poorly on your strangely shaped body.
Your system is resistant to poisons.
You cover ground very slowly.
You have a slow metabolism.
You can spit poison.


Message History

Aim: Ijyb, wearing a leather armour (heavily wounded)
The sting hits Ijyb.
Ijyb is heavily wounded.
The bat hits you.
* * * LOW HITPOINT WARNING * * *
Ijyb hits you but does no damage.
Casting: Sting
Confirm with . or Enter, or press ? or * to list all spells.
Aiming: Sting
Press: ? - help, Shift-Dir - straight line, f/p - Ijyb
Aim: Ijyb, wearing a leather armour (heavily wounded)
The sting hits Ijyb.
Ijyb is heavily wounded.
The bat hits you.
* * * LOW HITPOINT WARNING * * *
Ijyb closely misses you.
You closely miss Ijyb.
Ijyb is heavily wounded.
The bat barely misses you. Ijyb hits you.
You die...

#.#.#.#.#.#..#
#.#..........# #
#.#.#.#.#.#..#
#.#######.#..........#
##...........#.#.#.#..#
..........#...........#
##.##..####.#.#.#.#..#
#b.# #.........# #@.#
#####(....# ......g..#
####..#
.#.#.#....#########...#
..?.........(.........#
.#.#.#....##.###.#.#..#
.......#.###.##......##
.#.#.#...###.##..#.#.#
.....................#
.#####.#########


You could see Ijyb and a bat.

Vanquished Creatures
  An ooze (D:2)
  A giant gecko (D:1)
  2 ball pythons (D:1)
  5 hobgoblins (D:1)
  A jackal (D:1)
  A bat (D:1)
  A giant cockroach (D:1)
  2 giant newts (D:1)
  3 goblins
  A kobold (D:1)
  3 rats (D:1)
21 creatures vanquished.

Notes
Turn   | Place    | Note
--------------------------------------------------------------
     0 | D:1      | Crag the Naga Venom Mage began the quest for the Orb.
     0 | D:1      | Reached XP level 1. HP: 15/15 MP: 3/3
   197 | D:1      | Reached skill level 1 in Unarmed Combat
   466 | D:1      | Reached XP level 2. HP: 22/22 MP: 3/5
  1348 | D:1      | Reached skill level 1 in Fighting
  1407 | D:2      | Reached XP level 3. HP: 12/31 MP: 6/6
  1678 | D:2      | Noticed Ijyb
  1716 | D:2      | Slain by Ijyb

Vault maps used:
D:1:      saegor_arrival_simple_c, hangedman_decor_slide_cut, minmay_surrounded
D:2:      lemuel_round_altar, overflow_temple_1_default, first_bread,
          serial_glass, glass_columns_c, glass_columns_b, glass_columns_c,
          glass_columns_c, glass_columns_a, glass_columns_c, glass_columns_a,
          glass_columns_b, due_unseen_surprise, serial_bayou_pond_e,
          guppyfry_early_lair_pool, uniq_iyjb

Action                   || total
-------------------------++-------
Melee: Unarmed           ||   107
 Cast: Sting             ||    33
  Use: Potion            ||     2
 Stab: Sleeping          ||     1
  Eat: Chunk             ||     1
